[Event "Mitropa Cup Women 2024"]
[Site "Apolda"]
[Date "2024.02.23"]
[Round "9.11"]
[White "Mayrhuber, Nikola"]
[Black "Berke, Ana"]
[Result "1-0"]
[ECO "E14"]
[WhiteElo "2009"]
[BlackElo "2092"]
[Annotator "RC"]
[PlyCount "137"]
[EventDate "2024.02.15"]
[EventType "team-tourn"]
[EventCountry "GER"]
[SourceTitle "playchess.com"]
[Source "ChessBase"]
[SourceQuality "1"]
[WhiteTeam "Austria"]
[BlackTeam "Croatia"]
[WhiteTeamCountry "AUT"]
[BlackTeamCountry "CRO"]
[TimeControl "40/5400+30:1800+30"]

1. d4 d5 2. c4 e6 3. Nf3 Nf6 4. e3 Bd6 5. b3 O-O 6. Bd3 b6 7. Bb2 Bb7 8. O-O c5 9. Nbd2 Nc6 10. cxd5 exd5 11. Rc1 Re8 12. Re1 Ne4 13. Bb5 a6 14. Bxc6 Bxc6 15. Ne5 Bb7 16. Nxe4 dxe4 17. Nc4 Re6 18. Nxd6 Rxd6 19. Qg4 Rg6 20. Qf4 Rc8 21. dxc5 Rxc5 22. Rxc5 bxc5 23. Qe5 h6 24. Qxc5 Kh7 25. Bd4 Bc8 26. Qe5 Bh3 27. g3 f5 28. Rc1 Qg5 29. Rc7 Qg4 30. f3 Qg5 31. Kf2 exf3 32. b4 h5 33. a4 h4 34. Qf4 hxg3+ 35. hxg3 Bg4 36. Qxg5 Rxg5 37. b5 axb5 38. axb5 Rh5 39. Kg1 f2+ 40. Kxf2 Rh2+ 41. Kg1 Rd2 42. Bc3 Rd5 43. b6 Rb5 44. Bxg7 Kg6 45. Bd4 Bf3 46. Kf2 Be4 47. Rg7+ Kh6 48. g4 fxg4 49. Rxg4 Bg6 50. Kg3 Bh5 51. Rg8 Bg6 52. Rc8 Kg5 53. Rc6 Be4 54. Re6 Bg6 55. e4 Rb3+ 56. Kf2 Bh7 57. Re7 Bg6 58. e5 Be4 59. Rf7 Bd5 60. Rf8 Kg6 61. Rd8 Be6 62. Rf8 Kg5 63. Be3+ Kg4 64. Rf4+ Kh5 65. Rf6 Bd5 66. e6 Rb2+ 67. Kg3 Rg2+ 68. Kh3 Bxe6+ 69. Kxg2 1-0

[Event "Mitropa Cup Women 2024"]
[Site "Apolda"]
[Date "2024.02.23"]
[Round "9.12"]
[White "Mihaljevic, Eva"]
[Black "Deak-Sala, Emilia"]
[Result "0-1"]
[ECO "B38"]
[WhiteElo "2043"]
[BlackElo "1843"]
[Annotator "NA RC"]
[PlyCount "78"]
[EventDate "2024.02.15"]
[EventType "team-tourn"]
[EventCountry "GER"]
[SourceTitle "playchess.com"]
[Source "ChessBase"]
[SourceQuality "1"]
[WhiteTeam "Croatia"]
[BlackTeam "Austria"]
[WhiteTeamCountry "CRO"]
[BlackTeamCountry "AUT"]
[TimeControl "40/5400+30:1800+30"]

1. e4 c5 2. Nf3 Nc6 3. d4 cxd4 4. Nxd4 g6 5. c4 Bg7 6. Be3 Qb6 7. Nb3 Qd8 8. Nc3 Bxc3+ 9. bxc3 Nf6 10. f3 O-O 11. Bh6 Re8 12. Be2 d6 13. Qd2 b6 14. h4 Be6 15. h5 Ne5 16. hxg6 fxg6 17. Qf4 Bxc4 18. Bxc4+ Nxc4 19. Qh4 Ne5 20. Bg5 Qc7 21. Kf2 Rf8 22. Bxf6 exf6 23. Rad1 Rf7 24. f4 Nd7 25. Rd4 Nc5 26. Rhd1 Re8 27. Nd2 Ne6 28. Rc4 Qb7 29. Qg3 b5 30. Rb4 a5 31. Rb2 Nc5 32. Re1 Rfe7 33. f5 Nxe4+ 34. Nxe4 Rxe4 35. Reb1 Qa7+ 36. Kf1 g5 37. Rf2 Rh4 38. Kg1 Re2 39. Rbf1 Rf4 0-1

[Event "Mitropa Cup Women 2024"]
[Site "Apolda"]
[Date "2024.02.23"]
[Round "9.13"]
[White "Hakimifard, Ghazal"]
[Black "Hagarova, Zuzana"]
[Result "1/2-1/2"]
[ECO "C07"]
[WhiteElo "2243"]
[BlackElo "2280"]
[Annotator "TA"]
[PlyCount "84"]
[EventDate "2024.02.15"]
[EventType "team-tourn"]
[EventCountry "GER"]
[SourceTitle "playchess.com"]
[Source "ChessBase"]
[SourceQuality "1"]
[WhiteTeam "Switzerland"]
[BlackTeam "Slovakia"]
[WhiteTeamCountry "SUI"]
[BlackTeamCountry "SVK"]
[TimeControl "40/5400+30:1800+30"]

1. e4 e6 2. d4 d5 3. Nd2 a6 4. Bd3 c5 5. dxc5 Nf6 6. Qe2 Nc6 7. Ngf3 Bxc5 8. O-O Nb4 9. e5 Nd7 10. Nb3 Be7 11. Nfd4 Qc7 12. f4 Nb6 (12... Nc5 $14) 13. f5 $16 Nc4 (13... g6 $142) 14. fxe6 Bxe6 15. a3 (15. Nxe6 fxe6 16. Qh5+ g6 (16... Kd7 17. Bxc4 dxc4 18. Nd4 $16) 17. Bxg6+ Kd7 $14) (15. Bf5 $1 $16 {Droht stark c3.} Qxe5 16. Bxe6 fxe6 17. Qxe5 Nxe5 18. a3 (18. Nxe6 Nxc2 19. Rb1 Kd7 $11)) 15... Nxd3 (15... Nc6 $1 $14) 16. cxd3 $18 Na5 17. Nxe6 fxe6 18. Nxa5 Qxa5 19. Be3 {[%emt 0:00:15] Droht Qg4 und aus.} g6 20. Qg4 Kd7 21. Rf7 Raf8 {[%emt 0:00:25] Schwarz hat schwache schwarze Felder} 22. b4 (22. Rg7 $1 $18 {bietet bessere Gewinnchancen.} Rfg8 23. Rf7) 22... Qb5 $2 {[%emt 0:00:26] [#]} (22... Qd8 $16 {ist wohl besser.} 23. Rg7 Rfg8) 23. Rg7 $1 Rfg8 {[%emt 0:00:28] [#]} 24. Rxe7+ Kxe7 25. Rf1 ({Günstiger ist} 25. Bc5+ $18 Kd7 26. Qf4) 25... Rg7 $16 26. Qg5+ {[%emt 0:05:13][%mdl 1024] Weiss hat starke Kompensation.} Kd7 27. Qf6 {[%emt 0:01:44] Weiß steht aktiver.} Rhg8 28. Bh6 (28. Bc5 $1 $14 h5 (28... Qxd3 $2 29. Bf8 $18) 29. Rc1) 28... Re7 $11 {[%emt 0:00:19] Die Stellung ist ausgeglichen.} 29. Bf8 Rxf8 $1 30. Qxf8 Qxd3 {[%emt 0:02:12][%mdl 4096] Endspiel. KQR-KQR} 31. Qb8 Qe3+ 32. Kh1 Qb6 33. a4 Qc7 (33... Qxb4 $2 34. Rc1 $18) 34. Qa7 Ke8 (34... Qxe5 35. Qxb7+ Qc7 36. Qxa6 $16) 35. Qa8+ Kd7 $1 36. h3 Qc8 (36... Qxe5 $2 {zu gefräßig.} 37. Rc1 $18 (37. Qxb7+ Qc7 $18) (37. Qxb7+ Qc7 $18)) 37. Qa7 Ke8 38. Qf2 Qc4 39. b5 a5 (39... Qxa4 $2 {verliert.} 40. Qf8+ Kd7 41. Rc1 $18) 40. Qf8+ Kd7 41. b6 Qc6 42. Rf7 Rxf7 {[%emt 0:23:27] Schwarz hat sich erfolgreich gewehrt.   Gewichteter Fehlerwert: Weiß=0.13 (sehr präzise) /Schwarz=0.14 (sehr präzise) .  Fehler:       	Weiß=4     	Schwarz=4     Ungenau:       	Weiß=1     	Schwarz=1     OK:         	Weiß=15    	Schwarz=9     Bester:       	Weiß=2     	Schwarz=5     Stark:        	Weiß=1     	Schwarz=2     Brilliant:      	Weiß=1     	---} 1/2-1/2

[Event "Mitropa Cup Women 2024"]
[Site "Apolda"]
[Date "2024.02.23"]
[Round "9.14"]
[White "Walter, Ema"]
[Black "Hryzlova, Sofiia"]
[Result "1/2-1/2"]
[ECO "C07"]
[WhiteElo "2124"]
[BlackElo "2196"]
[Annotator "RC"]
[PlyCount "62"]
[EventDate "2024.02.15"]
[EventType "team-tourn"]
[EventCountry "GER"]
[SourceTitle "playchess.com"]
[Source "ChessBase"]
[SourceQuality "1"]
[WhiteTeam "Slovakia"]
[BlackTeam "Switzerland"]
[WhiteTeamCountry "SVK"]
[BlackTeamCountry "SUI"]
[TimeControl "40/5400+30:1800+30"]

1. e4 e6 2. d4 d5 3. Nd2 c5 4. exd5 Qxd5 5. Ngf3 cxd4 6. Bc4 Qd6 7. O-O Nf6 8. Nb3 Nc6 9. Nbxd4 Nxd4 10. Nxd4 Be7 11. Re1 O-O 12. c3 Qc7 13. Bf1 b6 14. g3 Bb7 15. Bf4 Bd6 16. Bxd6 Qxd6 17. Bg2 Bxg2 18. Kxg2 Rad8 19. Qf3 Qd5 20. Nc6 Qxf3+ 21. Kxf3 Rd2 22. b4 g5 23. c4 Kg7 24. Red1 Rb2 25. b5 h5 26. Rdb1 Rc2 27. Rc1 Rb2 28. Rcb1 Rc2 29. Rc1 Rb2 30. Rcb1 Rc2 31. Rc1 Rb2 1/2-1/2

[Event "Mitropa Cup Women 2024"]
[Site "Apolda"]
[Date "2024.02.23"]
[Round "9.15"]
[White "Manko, Mariia"]
[Black "Sankova, Stella"]
[Result "1-0"]
[ECO "E11"]
[WhiteElo "2128"]
[BlackElo "2124"]
[Annotator "RC"]
[PlyCount "79"]
[EventDate "2024.02.15"]
[EventType "team-tourn"]
[EventCountry "GER"]
[SourceTitle "playchess.com"]
[Source "ChessBase"]
[SourceQuality "1"]
[WhiteTeam "Switzerland"]
[BlackTeam "Slovakia"]
[WhiteTeamCountry "SUI"]
[BlackTeamCountry "SVK"]
[TimeControl "40/5400+30:1800+30"]

1. d4 Nf6 2. c4 e6 3. g3 d5 4. Bg2 Bb4+ 5. Bd2 Be7 6. Nf3 c6 7. Qc2 b6 8. O-O Ba6 9. cxd5 cxd5 10. Nc3 O-O 11. Ne5 Bb7 12. Qa4 Nfd7 13. Nd3 Nc6 14. Rfc1 Rc8 15. e3 a6 16. b4 b5 17. Qb3 Nb6 18. Nc5 Bxc5 19. bxc5 Nc4 20. Be1 Qd7 21. Ne2 Ne7 22. a4 Bc6 23. axb5 Bxb5 24. Nc3 Ra8 25. Bf1 g5 26. Na4 Rfb8 27. Qd1 Nc8 28. Nc3 Kg7 29. h4 Qe7 30. e4 gxh4 31. Qg4+ Kh8 32. exd5 hxg3 33. Nxb5 gxf2+ 34. Bxf2 axb5 35. Bh4 f5 36. Bxe7 fxg4 37. Bf6+ Kg8 38. dxe6 Rxa1 39. Rxa1 Ne3 40. Be5 1-0

[Event "Mitropa Cup Women 2024"]
[Site "Apolda"]
[Date "2024.02.23"]
[Round "9.16"]
[White "Sekova, Olivia"]
[Black "Pellicoro, Nathalie"]
[Result "1-0"]
[ECO "E76"]
[WhiteElo "2054"]
[BlackElo "1905"]
[Annotator "NA RC"]
[PlyCount "51"]
[EventDate "2024.02.15"]
[EventType "team-tourn"]
[EventCountry "GER"]
[SourceTitle "playchess.com"]
[Source "ChessBase"]
[SourceQuality "1"]
[WhiteTeam "Slovakia"]
[BlackTeam "Switzerland"]
[WhiteTeamCountry "SVK"]
[BlackTeamCountry "SUI"]
[TimeControl "40/5400+30:1800+30"]

1. d4 Nf6 2. c4 c5 3. d5 d6 4. Nc3 g6 5. e4 Bg7 6. f4 O-O 7. Nf3 e6 8. Bd3 Re8 9. O-O exd5 10. exd5 Na6 11. f5 Nc7 12. a4 Rb8 13. Bg5 h6 14. Bxf6 Qxf6 15. fxg6 fxg6 16. Ne4 Qd8 17. Qd2 Bf5 18. Rae1 b5 19. axb5 a6 20. Ng3 Bxd3 21. Qxd3 Qf6 22. Ne5 Qe7 23. Nc6 Qxe1 24. Rxe1 Rxe1+ 25. Kf2 Rbe8 26. b6 1-0

[Event "Mitropa Cup Women 2024"]
[Site "Apolda"]
[Date "2024.02.23"]
[Round "9.17"]
[White "Koubova, Anna Marie"]
[Black "Heinemann, Josefine"]
[Result "1/2-1/2"]
[ECO "B51"]
[WhiteElo "2100"]
[BlackElo "2361"]
[Annotator "TA"]
[PlyCount "60"]
[EventDate "2024.02.15"]
[EventType "team-tourn"]
[EventCountry "GER"]
[SourceTitle "playchess.com"]
[Source "ChessBase"]
[SourceQuality "1"]
[WhiteTeam "Czech Republic"]
[BlackTeam "Germany"]
[WhiteTeamCountry "CZE"]
[BlackTeamCountry "GER"]
[TimeControl "40/5400+30:1800+30"]

1. e4 c5 2. Nf3 d6 3. Bb5+ Nd7 4. O-O a6 5. Bxd7+ Bxd7 6. d4 cxd4 7. Qxd4 Nf6 8. c4 e6 9. Nc3 Be7 10. Bg5 Bc6 11. Rad1 O-O 12. Bh4 Qa5 13. e5 dxe5 14. Nxe5 Rac8 15. Nxc6 Rxc6 16. Ne4 Qf5 17. Nxf6+ Bxf6 {[%emt 0:00:19] Die Stellung ist ausgeglichen.} 18. Bxf6 Qxf6 19. b3 Qxd4 20. Rxd4 $11 {[%emt 0:00:06][%mdl 4096] Endspiel. KRR-KRR} b5 21. cxb5 axb5 22. Rfd1 g6 23. g3 Kg7 24. Rd7 Rfc8 25. Rb7 {[%emt 0:04:46][%cal Od1d7] [#] Droht stark Rdd7!} Rc1 26. Rxc1 Rxc1+ 27. Kg2 Rc2 28. Rxb5 {[%emt 0:00:21] Zielt auf a4 ab.} Rxa2 29. Rb8 h5 30. h4 Rb2 {[%emt 0:00:10] Ein ziemlich ruhiges Remis.   Gewichteter Fehlerwert: Weiß=0.07 (makellos) /Schwarz=0.07 (makellos) .  Ungenau:       	Weiß=1     	Schwarz=1     OK:         	Weiß=3     	Schwarz=5     Bester:       	Weiß=1     	---} 1/2-1/2

[Event "Mitropa Cup Women 2024"]
[Site "Apolda"]
[Date "2024.02.23"]
[Round "9.18"]
[White "Schneider, Jana"]
[Black "Lhotska, Anna"]
[Result "1-0"]
[ECO "B80"]
[WhiteElo "2331"]
[BlackElo "2053"]
[Annotator "TA"]
[PlyCount "53"]
[EventDate "2024.02.15"]
[EventType "team-tourn"]
[EventCountry "GER"]
[SourceTitle "playchess.com"]
[Source "ChessBase"]
[SourceQuality "1"]
[WhiteTeam "Germany"]
[BlackTeam "Czech Republic"]
[WhiteTeamCountry "GER"]
[BlackTeamCountry "CZE"]
[TimeControl "40/5400+30:1800+30"]

1. e4 c5 2. Nf3 d6 3. d4 cxd4 4. Nxd4 Nf6 5. Nc3 a6 6. Be3 e6 7. Qf3 Qc7 8. g4 b5 9. a3 Bb7 (9... d5 $14) 10. g5 $16 Nfd7 11. Qh3 {[%emt 0:01:02][%cal Og5g6] Black must now prevent g6! White is more active.} g6 12. O-O-O Nc5 {[%emt 0:06:57] [#]} 13. Bg2 $1 Nc6 14. f4 b4 15. axb4 ({Reject} 15. Nxc6 $6 bxc3 16. Bxc5 cxb2+ 17. Kb1 dxc5 $11 (17... Bxc6 18. Qc3 $15)) 15... Nxb4 16. f5 {[%emt 0:00:37] aiming for fxg6.} e5 $2 {[%emt 0:09:14][%mdl 8192] [#] This move loses the game for Black.} (16... Bg7 $14) 17. fxg6 $1 $18 fxg6 (17... Rc8 $142 18. gxf7+ Qxf7) 18. Ne6 Nxe6 19. Qxe6+ Be7 20. Rhf1 {[%emt 0:01:35][%cal Od1d6] Hoping for Rxd6!} Qd7 (20... Bc8 $18 21. Qf7+ Kd8 22. Rxd6+ Bxd6 (22... Qxd6 $2 {too greedy.} 23. Rd1 $18)) 21. Qf7+ {[%emt 0:01:52] White mates.} Kd8 22. Bb6+ Kc8 {[%emt 0:00:04] [#]} 23. Bh3 $1 Qxh3 (23... Bxg5+ 24. Kb1) 24. Qxe7 Qd7 25. Rf8+ Rxf8 26. Qxf8+ Qd8 27. Qxd8# {[%emt 1:01:06] Weighted Error Value: White=0.03 (flawless) /Black=0.69.  Loses game:     	---       	Black=1      Mistake:       	---       	Black=3      Inaccurate:     	White=1     	---        OK:         	White=4     	Black=6      Best:        	White=4     	---        Strong:       	White=2     	---} 1-0

[Event "Mitropa Cup Women 2024"]
[Site "Apolda"]
[Date "2024.02.23"]
[Round "9.19"]
[White "Rybackova, Lucie"]
[Black "Klek, Hanna Marie"]
[Result "1/2-1/2"]
[ECO "D11"]
[WhiteElo "1970"]
[BlackElo "2284"]
[Annotator "TA"]
[PlyCount "101"]
[EventDate "2024.02.15"]
[EventType "team-tourn"]
[EventCountry "GER"]
[SourceTitle "playchess.com"]
[Source "ChessBase"]
[SourceQuality "1"]
[WhiteTeam "Czech Republic"]
[BlackTeam "Germany"]
[WhiteTeamCountry "CZE"]
[BlackTeamCountry "GER"]
[TimeControl "40/5400+30:1800+30"]

1. d4 d5 2. Nf3 Nf6 3. g3 Bf5 4. Bg2 h6 5. O-O e6 6. c4 c6 7. Nc3 Be7 8. b3 O-O 9. e3 Nbd7 10. Bb2 Re8 {[%emt 0:01:32] The position is equal.} 11. Qe2 a6 12. c5 Ne4 13. Nxe4 Bxe4 14. Bc3 e5 15. Nxe5 (15. dxe5 Bxc5 16. Rac1 a5 $17) 15... Bxg2 16. Kxg2 Nxe5 17. dxe5 Bxc5 18. Rad1 Qb6 19. h4 a5 20. Qg4 Bf8 21. h5 a4 22. bxa4 $14 Qc5 23. Rc1 Qa3 24. a5 Qxa2 25. Rb1 {[%emt 0:05:19] Against Qb3} Qa3 26. Rfc1 Ra7 27. Ra1 Qe7 28. Bd4 $36 {[%emt 0:01:21][%mdl 2048] White has some pressure.} Ra6 29. Bc3 Qc7 30. f4 c5 31. f5 Rc6 32. Rf1 Rxe5 $2 (32... d4 $1 $11 {and Black has nothing to worry.} 33. exd4 cxd4 34. Bxd4 Rc2+ 35. Kh3 Qc6) 33. Bxe5 $18 Qxe5 34. Qf4 (34. Rab1 $1 $18 ) 34... Qb2+ $14 35. Qf2 Qc3 36. Rfc1 Qe5 37. Rab1 Rf6 38. Rf1 (38. Rxb7 $2 {is the wrong capture.} Rxf5 39. Qe2 Bd6 $19 (39... Qe4+ $2 40. Kh3 $19)) 38... Qc7 39. Qd2 Rd6 40. Qc3 Be7 41. Rf2 {[%emt 0:03:01] White has more active pieces.} (41. Qb3 $16 Qxa5 42. Qxb7) 41... Bf6 42. Qb3 Rd7 (42... Rd8 $11) 43. Qb5 (43. a6 $1 $14 bxa6 44. Qb8+ Kh7 45. Qxc7 Rxc7 46. Rd1) 43... Re7 {[%emt 0:02:39] [#]} (43... Be5 $11 {remains equal.}) 44. Rf3 ({White should play} 44. a6 $1 $16 bxa6 (44... Rxe3 45. Rf3 $18) 45. Qb8+ Kh7 46. Qxc7 Rxc7 47. Rd2) 44... Bg5 (44... Kh7 $11) 45. Rb3 (45. a6 $14 {keeps the upper hand.} bxa6 46. Qb8+ Qxb8 47. Rxb8+ Kh7 48. Rd8) 45... d4 (45... c4 $17 {and life is bright.} 46. Rb2 c3 (46... Bxe3 47. a6 $14)) 46. exd4 $16 cxd4 {[%emt 0:00:09] [#]} 47. Rb2 {[%emt 0:01:27] Prevents Qc2+} ({White should try} 47. Rf2 $1 $16) 47... Qc1 (47... Bc1 $11 48. Ra2 Be3) 48. Rf1 (48. Rff2 $16) 48... Qc3 $11 {[%emt 0:04:37] And now ...Re3 would win.} 49. Rf3 (49. Re2 $11) 49... Qc1 $1 $16 50. Rf1 ({Better is} 50. Rff2 $16) 50... Qc3 $11 51. Rf3 {[%emt 0:01:30] Weighted Error Value: White=0.30/Black=0.27 (precise) .  Loses game:     	---       	Black=1      Mistake:       	White=9     	Black=6      Inaccurate:     	White=6     	Black=6      OK:         	White=14    	Black=10     Best:        	White=2     	Black=3      Strong:       	---       	Black=1} 1/2-1/2

[Event "Mitropa Cup Women 2024"]
[Site "Apolda"]
[Date "2024.02.23"]
[Round "9.20"]
[White "Dolzhykova, Kateryna"]
[Black "Fizerova, Lucie"]
[Result "1-0"]
[ECO "C26"]
[WhiteElo "2227"]
[BlackElo "1794"]
[Annotator "TA"]
[PlyCount "95"]
[EventDate "2024.02.15"]
[EventType "team-tourn"]
[EventCountry "GER"]
[SourceTitle "playchess.com"]
[Source "ChessBase"]
[SourceQuality "1"]
[WhiteTeam "Germany"]
[BlackTeam "Czech Republic"]
[WhiteTeamCountry "GER"]
[BlackTeamCountry "CZE"]
[TimeControl "40/5400+30:1800+30"]

1. e4 e5 2. Nc3 Nf6 3. g3 Bc5 4. Bg2 O-O 5. Nge2 Nc6 6. O-O d6 7. Na4 Bb6 8. Nxb6 axb6 9. d4 exd4 10. Nxd4 Nxd4 11. Qxd4 h6 {[%emt 0:03:35] White is slightly better.} 12. b3 Be6 13. c4 Qd7 {[%emt 0:05:42] [#]} ({Black should play} 13... Nd7 $14) 14. Bxh6 $1 $16 Bh3 (14... b5 15. cxb5) 15. Bg5 Bxg2 16. Kxg2 Nh7 17. Bd2 {[%emt 0:01:44][%cal Bg5d2,Bd2c3,Bc3b2][%mdl 32] White is more active.} Rfe8 18. a4 Nf6 (18... Qe6 $16) 19. f3 $18 Re6 20. h4 Rae8 21. Rae1 Qc6 22. Bc3 Qd7 (22... Qc5 $142 23. g4 Qxd4 24. Bxd4 Nd7) 23. Rh1 c5 24. Qd2 Nh7 25. h5 Qe7 26. h6 g6 27. Bb2 f6 28. b4 $40 {[%emt 0:02:56][%mdl 128] White attacks with force.} Ra8 (28... f5 $142 29. Qc3 Qf6 30. Qxf6 Nxf6 31. Bxf6 Rxf6 32. exf5 Rxe1 33. Rxe1 gxf5 34. Re8+ Kh7 35. Re7+ Kxh6) 29. a5 bxa5 (29... cxb4 {keeps fighting.} 30. axb6 Rc8) 30. bxa5 Nf8 31. Bc3 Kh7 32. Qd5 {[%emt 0:01:05] [#] Strongly threatening Rb1.} Ra6 $2 (32... Rd8 33. Rb1 Rd7) 33. Rb1 {[%emt 0:00:34] Black is weak on the dark squares} Ra7 34. Rb2 {[%emt 0:01:19] Rhb1 would now be deadly.} Qf7 35. Rhb1 Re7 36. Qxd6 Ne6 37. Qb8 {[%emt 0:00:18] Prevents Ra8.} b6 38. Rxb6 Nd4 39. Qd6 Qxc4 40. Qxf6 Qf7 41. Bxd4 cxd4 42. Qxf7+ Rxf7 {[%emt 0:00:15][%mdl 4096] Endgame. KRR-KRR} 43. a6 Kxh6 44. Rb7 d3 45. Kf2 d2 46. Ke2 {[%emt 0:00:00] Threatening mate with Rxf7.} Rd7 47. Rxa7 Rxa7 48. Ra1 {[%emt 0:00:00] White took control after the opening.   Weighted Error Value: White=0.13 (very precise) /Black=0.34.  Mistake:       	---       	Black=6      Inaccurate:     	White=1     	Black=1      OK:         	White=15    	Black=8} (48. Kxd2 Rxa6 49. Rh1+ Kg7 $18) 1-0